Map: Deathaura LE

Players

bcvb

  • Race: Protoss Protoss
  • Spawn Location: 5:00

ViBE - Winner!

  • Race: Terran Terran
  • League: Silver
  • Spawn Location: 11:00

VOD

https://www.youtube.com/watch?v=VjhJ7E-kFgw&list=PLFeZeom2b4DnD3FIu7pzkXl51JX_WWz2h&index=2

Description

Time

  • Played on: March 11, 2021, 4:44 p.m.
  • Length: 26:59
Show
View Real Time Build Order
Export as new Build Order

bcvb Protoss 

Build Orders:  

Get SALT Encoding   

  12  0:01  Probe (Chrono Boost)  
  13  0:11  Probe (Chrono Boost)  
  14  0:16  Probe (Chrono Boost)  
  15  0:28  Pylon  
  15  0:46  Probe  
  15  0:47  Gateway  
  16  0:53  Assimilator  
  16  0:58  Probe  
  17  1:05  Pylon  
  17  1:10  Probe (Chrono Boost)  
  18  1:20  Probe (Chrono Boost)  
  18  1:25  Probe (Chrono Boost)  
  20  1:35  Zealot  
  20  1:37  Probe  
  23  1:46  Assimilator  
  23  1:49  Probe  
  23  1:52  Pylon  
  24  2:01  Probe  
  25  2:02  Zealot  
  27  2:13  Probe (Chrono Boost)  
  28  2:25  Probe (Chrono Boost)  
  28  2:28  Nexus  
  28  2:29  Zealot  
  31  2:30  Probe (Chrono Boost)  
  32  2:38  Cybernetics Core  
  32  2:47  Probe  
  33  2:59  Probe  
  33  3:02  Zealot  
  36  3:11  Probe  
  37  3:21  Stargate  
  37  3:25  Stargate  
  37  3:29  Zealot  
  37  3:30  Protoss Air Weapons Level 1  
  40  3:41  Probe (Chrono Boost)  
  40  3:46  Probe (Chrono Boost)  
  42  3:50  Probe (Chrono Boost)  
  43  3:56  Probe (Chrono Boost)  
  43  3:59  Probe (Chrono Boost)  
  43  4:01  Void Ray, Probe (Chrono Boost)  
  50  4:10  Probe  
  50  4:13  Probe  
  51  4:22  Probe  
  51  4:23  Pylon  
  52  4:25  Pylon, Probe  
  53  4:32  Assimilator  
  53  4:34  Probe  
  53  4:35  Assimilator, Void Ray  
  54  4:41  Probe  
  59  4:46  Probe  
  60  5:02  Void Ray  
  60  5:03  Probe (Chrono Boost)  
  61  5:12  Void Ray  
  61  5:13  Probe (Chrono Boost)  
  70  5:38  Protoss Air Armor Level 1  
  70  5:49  Nexus  
  70  6:55  Void Ray x2  
  70  7:01  Probe  
  79  7:05  Pylon  
  79  7:06  Pylon  
  79  7:09  Pylon  
  79  7:10  Pylon  
  79  7:13  Probe  
  80  7:25  Probe  
  77  7:32  Void Ray  
  77  7:46  Probe  
  78  7:52  Assimilator  
  78  7:57  Assimilator  
  78  7:59  Probe  
  78  8:03  Stargate  
  78  8:05  Stargate  
  79  8:07  Void Ray  
  79  8:08  Stargate  
  79  8:09  Void Ray  
  79  8:11  Fleet Beacon, Probe  
  88  8:22  Pylon  
  88  8:23  Pylon, Probe (Chrono Boost)  
  88  8:24  Pylon  
  88  8:26  Pylon  
  90  8:35  Probe (Chrono Boost)  
  90  8:41  Void Ray  
  90  8:42  Void Ray, Probe (Chrono Boost)  
  90  8:44  Void Ray  
  90  8:45  Void Ray  
  90  8:46  Void Ray  
  90  8:48  Nexus  
  99  8:49  Probe  
  112  9:01  Probe  
  113  9:15  Probe (Chrono Boost)  
  114  9:21  Protoss Air Weapons Level 2, Void Ray  
  114  9:23  Void Ray  
  115  9:24  Probe (Chrono Boost)  
  115  9:28  Assimilator  
  115  9:29  Probe (Chrono Boost)  
  115  9:30  Assimilator  
  123  9:35  Void Ray  
  123  9:36  Void Ray x2  
  136  10:01  Probe (Chrono Boost)  
  137  10:10  Probe (Chrono Boost)  
  138  10:15  Probe (Chrono Boost)  
  138  10:18  Void Ray x2  
  138  10:19  Void Ray x2  
  139  10:22  Void Ray  
  139  10:27  Probe  
  160  10:39  Probe  
  161  10:44  Pylon x2  
  161  10:46  Pylon  
  161  10:47  Pylon  
  161  11:06  Carrier  
  161  11:07  Carrier  
  161  11:08  Carrier  
  179  11:15  Carrier  
  185  11:27  Carrier  
  191  11:39  Flux Vanes  
  191  11:54  Protoss Air Armor Level 2  
  191  12:35  Void Ray  
  195  13:17  Void Ray  
  195  13:21  Void Ray  
  161  13:54  Void Ray  
  161  13:58  Void Ray  
  153  14:12  Void Ray  
  153  14:13  Void Ray x2  
  165  14:30  Pylon  
  165  14:31  Pylon x2  
  165  14:32  Pylon  
  165  14:33  Pylon  
  165  14:42  Void Ray x2  
  165  14:49  Void Ray  
  165  14:50  Void Ray x2  
  185  15:08  Protoss Air Weapons Level 3  
  177  15:19  Void Ray x2  
  177  15:56  Void Ray  
  117  17:57  Void Ray  
  117  17:58  Void Ray x2  
  117  17:59  Void Ray  
  117  18:01  Void Ray  
  133  18:06  Protoss Air Armor Level 3  
  137  18:35  Void Ray x2  
  137  18:36  Void Ray  
  137  18:38  Void Ray  
  141  19:12  Void Ray  
  141  19:13  Void Ray x2  
  141  19:15  Void Ray  
  100  20:12  Void Ray  
  100  20:13  Void Ray  
  72  20:50  Nexus  
  72  20:56  Nexus  
  64  21:05  Nexus  
  60  21:23  Assimilator  
  60  21:26  Assimilator  
  60  22:07  Assimilator  
  60  22:11  Assimilator  
  60  22:27  Probe (Chrono Boost)  
  61  22:37  Probe (Chrono Boost)  
  62  22:43  Probe (Chrono Boost)  
  63  22:47  Probe (Chrono Boost)  
  63  22:50  Void Ray  
  64  22:52  Void Ray  
  64  22:57  Probe (Chrono Boost)  
  64  22:58  Probe (Chrono Boost)  
  74  23:02  Probe (Chrono Boost)  
  74  23:05  Probe  
  76  23:12  Void Ray  
  76  23:13  Void Ray, Probe  
  85  23:25  Probe  
  86  23:49  Nexus  
  86  23:56  Void Ray  
  86  23:57  Void Ray  
  94  24:17  Void Ray  
  71  24:34  Void Ray  
  71  24:36  Adept  
Show
View Real Time Build Order
Export as new Build Order

ViBE Terran - Winner!

Build Orders:  

Get SALT Encoding   

  12  0:00  SCV  
  13  0:12  SCV  
  14  0:23  Supply Depot  
  14  0:30  SCV  
  15  0:45  SCV  
  15  0:49  Barracks  
  16  0:56  Refinery  
  16  1:03  SCV  
  17  1:16  SCV  
  18  1:28  SCV  
  19  1:41  Orbital Command  
  19  1:42  Marine  
  19  1:45  Command Center  
  20  2:03  Marine  
  20  2:08  SCV  
  22  2:20  SCV  
  23  2:23  Barracks Reactor  
  23  2:24  Factory  
  23  2:48  Supply Depot  
  23  2:56  SCV  
  24  2:58  Orbital Command  
  24  3:13  Refinery  
  24  3:14  Factory Tech Lab  
  24  3:16  Marine x2  
  24  3:17  Barracks  
  26  3:21  SCV  
  26  3:25  SCV  
  28  3:33  SCV  
  29  3:35  Marine  
  29  3:36  Marine  
  29  3:37  SCV, Siege Tank  
  35  3:49  SCV  
  35  3:50  SCV  
  37  3:59  Marine x2  
  37  4:01  SCV  
  37  4:02  SCV  
  41  4:04  Barracks Tech Lab  
  41  4:06  Starport  
  41  4:20  SCV x2  
  43  4:28  Supply Depot  
  43  4:30  Supply Depot  
  43  4:31  Supply Depot  
  43  4:32  SCV x2  
  43  4:34  Stimpack  
  45  4:38  Marine x2, Siege Tank  
  45  4:39  Marine  
  45  4:44  SCV x2, Starport Reactor  
  53  4:56  SCV x2  
  53  4:58  Supply Depot  
  55  5:01  Marine  
  55  5:02  Marine x2  
  58  5:08  SCV x2  
  60  5:19  Marine x3  
  60  5:20  SCV x2  
  65  5:24  Refinery  
  65  5:26  Refinery  
  65  5:28  Siege Tank, Command Center  
  65  5:30  Medivac  
  65  5:35  SCV x2  
  72  5:37  Marine x3  
  72  5:40  Engineering Bay  
  72  5:41  Engineering Bay  
  75  5:55  Marine  
  71  6:14  SCV x2  
  71  6:17  Terran Infantry Weapons Level 1  
  71  6:18  Terran Infantry Armor Level 1  
  69  6:23  Missile Turret  
  69  6:26  SCV, Missile Turret  
  69  6:30  Marine x3  
  69  6:31  SCV  
  74  6:38  SCV  
  75  6:40  Medivac x2  
  75  6:41  Missile Turret  
  75  6:43  SCV  
  80  6:48  Marine x3  
  80  6:50  SCV  
  83  6:55  SCV  
  84  7:02  SCV  
  85  7:16  SCV, Supply Depot  
  85  7:17  Marine, Supply Depot  
  85  7:18  Supply Depot  
  85  7:25  SCV  
  85  7:33  Missile Turret  
  85  7:37  Marine x3, Orbital Command  
  85  7:38  SCV x2  
  85  7:40  Medivac x2  
  94  7:44  Armory  
  94  7:50  SCV x2, Missile Turret  
  96  8:00  Marine x2, Supply Depot  
  96  8:01  Marine, Supply Depot  
  96  8:02  Supply Depot x2, SCV  
  96  8:04  Supply Depot  
  100  8:18  Marine x3  
  103  9:03  SCV x3  
  106  9:15  SCV x2  
  106  9:16  Marine x3, SCV  
  112  9:17  Medivac  
  112  9:18  Medivac  
  112  9:21  Command Center  
  112  9:22  Terran Infantry Armor Level 2, Terran Infantry Weapons Level 2  
  116  9:31  Terran Vehicle Weapons Level 1  
  116  9:32  Barracks x2  
  116  9:33  Marine, Barracks x2  
  116  9:36  Barracks  
  116  9:38  Barracks  
  117  9:39  Barracks  
  117  9:45  SCV  
  117  9:46  SCV x2  
  120  9:55  Refinery  
  120  9:57  Refinery  
  120  9:58  SCV x3  
  120  9:59  Marine x3  
  126  10:01  Medivac x2  
  130  10:16  Marine  
  130  10:17  Marine  
  130  10:19  SCV x3  
  135  10:31  SCV  
  135  10:34  Planetary Fortress  
  136  10:35  Missile Turret  
  136  10:37  SCV x2  
  136  10:40  Barracks Reactor x7  
  138  10:43  SCV  
  138  10:49  SCV x2  
  141  10:55  SCV  
  142  11:01  SCV x2  
  144  11:07  SCV  
  145  11:13  SCV  
  145  11:17  Marine, Command Center  
  145  11:18  Marine x16  
  161  11:25  Supply Depot  
  163  11:26  Supply Depot  
  163  11:27  Supply Depot  
  163  11:28  Supply Depot x2  
  163  11:35  Marine  
  164  11:46  Marine x8  
  172  11:47  Marine x8  
  172  11:49  Medivac x2  
  172  11:53  Marine  
  185  12:00  Combat Shield  
  185  12:04  Marine  
  185  12:05  Marine  
  185  12:07  Terran Infantry Armor Level 3, Terran Infantry Weapons Level 3  
  185  12:08  Marine x13  
  189  12:11  Terran Vehicle Weapons Level 2  
  200  12:20  Starport  
  200  12:22  Barracks  
  200  12:23  Barracks x2  
  200  12:24  Barracks  
  200  12:27  Barracks x2  
  200  12:30  Missile Turret  
  200  12:32  Barracks  
  200  12:34  Barracks x2  
  200  12:35  Barracks  
  200  12:36  Barracks x2  
  200  12:38  Planetary Fortress, Barracks  
  200  12:39  Barracks x2  
  200  12:40  Barracks  
  198  13:14  SCV x2  
  198  13:19  Concussive Shells  
  192  13:26  Starport Reactor  
  168  13:29  Barracks Tech Lab x4  
  165  13:34  Barracks Reactor  
  165  13:35  Barracks Reactor x9  
  165  13:36  Barracks Reactor  
  165  13:37  Barracks Reactor  
  165  13:46  SCV x5  
  132  13:57  Marauder x5  
  132  13:58  SCV  
  132  13:59  Medivac x2  
  139  14:03  Marine x8, Command Center  
  139  14:04  Marine x8  
  140  14:14  Marine x16  
  140  14:15  Marine x8  
  156  14:17  Medivac  
  156  14:18  Marine x2, Marauder x3  
  156  14:19  Medivac  
  156  14:21  Marine x13  
  181  14:29  Medivac x2  
  177  14:36  Marauder x2  
  181  14:39  Marauder  
  181  14:40  Marauder x2  
  187  14:52  Marine  
  183  14:53  Marine x14  
  183  14:59  Medivac  
  196  15:01  Marauder x2  
  159  15:15  Missile Turret  
  159  15:16  Planetary Fortress  
  159  15:20  SCV x4  
  130  15:25  Marauder  
  130  15:26  Marine x13, Marauder x4  
  130  15:27  Marine x13  
  164  15:29  Medivac  
  157  15:44  Marine x6  
  157  15:47  Marauder x5, Command Center  
  171  15:50  Marine x5  
  171  15:51  Marine x11  
  170  16:01  Marine  
  170  16:02  Marine x5  
  169  16:08  Marine x6, Marauder x4  
  169  16:09  Marine x4  
  186  16:13  Barracks  
  186  16:15  Barracks  
  186  16:17  Barracks  
  186  16:18  Barracks x2  
  165  16:19  Marine  
  165  16:20  Marine x5  
  165  16:21  Barracks  
  152  16:26  Marine  
  152  16:32  SCV x4  
  157  16:35  Marine  
  157  16:36  Marine x9  
  157  16:37  Medivac  
  165  16:41  Medivac  
  165  16:44  SCV  
  165  16:45  SCV x3  
  171  16:51  Marine x4  
  171  16:52  Marine  
  174  16:56  SCV  
  174  16:57  SCV  
  174  16:58  SCV x2  
  174  17:00  Planetary Fortress  
  178  17:02  Missile Turret  
  178  17:07  Marine x9  
  182  17:18  Marine x5  
  182  17:19  Marine x2  
  154  17:23  Barracks Reactor  
  154  17:24  Barracks Reactor x5  
  154  17:27  SCV  
  154  17:28  SCV x3  
  106  17:39  SCV  
  106  17:40  Marine x5  
  106  17:41  Marine  
  106  17:42  Command Center  
  94  17:51  SCV  
  65  18:02  Marine x6  
  65  18:03  Marine x14  
  65  18:04  Marine  
  86  18:10  Medivac x2  
  86  18:12  SCV x3  
  93  18:13  SCV  
  88  18:20  Marine  
  88  18:21  Marine x5  
  88  18:22  Marine  
  88  18:23  Marine  
  88  18:26  Marine x3  
  95  18:34  Marine  
  95  18:35  Marine x9  
  103  18:47  Supply Depot  
  103  18:48  Supply Depot  
  103  18:51  Supply Depot  
  103  18:53  Supply Depot  
  102  18:56  Supply Depot  
  102  18:58  Supply Depot  
  102  19:00  Supply Depot x2  
  74  19:13  Orbital Command  
  74  19:21  Marine x11  
  74  19:22  Marine  
  90  19:28  Marine x2  
  89  19:33  Factory  
  89  19:38  SCV x3  
  90  19:39  Marine  
  90  19:42  Marine x9  
  90  19:43  Command Center  
  103  19:45  Marine  
  103  19:46  Marine  
  103  19:50  SCV  
  98  19:56  Marine  
  98  19:59  Marine  
  88  20:00  Marine x8  
  88  20:03  Marine x2  
  82  20:10  SCV  
  82  20:11  SCV x2  
  76  20:14  Marine  
  76  20:17  Marine x3  
  76  20:18  Marine x5  
  76  20:19  Factory Reactor, Starport  
  78  20:22  Marine x3  
  78  20:25  SCV x2  
  78  20:26  SCV  
  84  20:32  Marine  
  84  20:35  Marine x3  
  87  20:44  SCV  
  81  20:52  Marine x9  
  81  20:53  Marine x3  
  81  20:54  SCV x2  
  81  20:56  SCV  
  93  21:06  SCV x2  
  93  21:08  Supply Depot, SCV  
  93  21:10  Marine x4  
  96  21:16  Medivac x2  
  96  21:18  SCV x2  
  100  21:20  SCV  
  100  21:25  Orbital Command  
  102  21:30  SCV x2  
  104  21:32  SCV  
  105  21:42  Marine x11, SCV x2  
  105  21:43  Marine  
  105  21:45  SCV  
  120  21:47  Medivac x2  
  120  21:50  Command Center  
  124  21:54  SCV  
  124  21:58  Supply Depot x2  
  124  22:00  Supply Depot  
  125  22:03  Marine x7  
  132  22:19  Marine x2, Supply Depot, SCV x4  
  132  22:20  Supply Depot  
  138  22:31  SCV  
  139  22:37  SCV x3  
  139  22:43  Marine x10, SCV  
  153  22:45  Marine  
  153  22:46  Medivac x2  
  153  22:47  Marine  
  159  22:59  Command Center  
  159  23:02  Orbital Command  
  158  23:21  Marine x2  
  158  23:22  Marine x10  
  158  23:23  Medivac x2  
  173  23:29  Barracks  
  173  23:31  Barracks  
  173  23:32  Barracks  
  173  23:33  Barracks  
  173  23:36  Barracks  
  173  23:37  Barracks  
  173  23:39  Marine x4, Starport  
  177  23:54  Marine  
  177  23:55  Marine x6  
  184  23:59  SCV x3  
  187  24:10  SCV x2  
  187  24:11  SCV x3  
  185  24:19  Starport Reactor  
  185  24:22  SCV  
  185  24:24  Barracks Reactor x6  
  186  24:28  SCV  
  186  24:29  SCV  
  183  24:33  Orbital Command  
  182  24:41  Marine x3  
  182  24:42  Marine x9  
  182  24:43  Medivac x2  
  198  24:55  Barracks  
  198  24:57  Barracks  
  198  24:58  Barracks  
  198  24:59  Barracks x2  
  198  25:00  Barracks  
  198  25:02  Barracks  
  198  25:50  Barracks Reactor  
  198  25:51  Barracks Reactor x5  
Tags
 
League
Silver
Matchup
PvT
Player
ViBE
Replay Pack
Bronze_League
Spawn Locations
Cross Positions
Add a new tag
Caveats
  • Supply blocks, unpowered buildings, or Contaminate may cause inaccurate times.
  • Supply counts are checked every 10 seconds.